[ AOE2 MATCH · #474947237 ]
UnrankedMagyars vs Britons
Player's team · LOSS
[ REPLAY ANALYSIS · EXTRACTED FROM THE RECORDED GAME ]
Feudal
9:34
Castle
22:20
Imperial
—
| APM avg | 48.1 |
| APM peak | 102 |
| eAPM avg | 16.6 |
| Villagers / military | 85 / 35 |
Focus
⚔️ 24.0% · 🌾 76.0%
Knight ×25 · Scout Cavalry ×10
Feudal
9:31
Castle
24:31
Imperial
—
| APM avg | 28.7 |
| APM peak | 54 |
| eAPM avg | 13.1 |
| Villagers / military | 62 / 50 |
Focus
⚔️ 31.5% · 🌾 68.5%
Archer ×50
Feudal
9:32
Castle
24:04
Imperial
—
| APM avg | 82.5 |
| APM peak | 120 |
| eAPM avg | 22.4 |
| Villagers / military | 90 / 55 |
Focus
⚔️ 26.0% · 🌾 74.0%
Archer ×55
Feudal
8:43
Castle
23:08
Imperial
—
| APM avg | 64.2 |
| APM peak | 96 |
| eAPM avg | 17.1 |
| Villagers / military | 81 / 36 |
Focus
⚔️ 26.2% · 🌾 73.8%
Knight ×24 · Scout Cavalry ×12
Feudal
9:02
Castle
24:28
Imperial
—
| APM avg | 46.5 |
| APM peak | 94 |
| eAPM avg | 17.5 |
| Villagers / military | 47 / 53 |
Focus
⚔️ 27.0% · 🌾 73.0%
Archer ×49 · Spearman ×2 · Mangonel ×1 · Skirmisher ×1
Feudal
10:17
Castle
28:35
Imperial
—
| APM avg | 32.1 |
| APM peak | 64 |
| eAPM avg | 16.2 |
| Villagers / military | 57 / 39 |
Focus
⚔️ 30.0% · 🌾 70.0%
Archer ×31 · Skirmisher ×5 · Spearman ×3
Feudal
8:35
Castle
—
Imperial
—
| APM avg | 49.2 |
| APM peak | 116 |
| eAPM avg | 17.5 |
| Villagers / military | 79 / 32 |
Focus
⚔️ 22.7% · 🌾 77.3%
Scout Cavalry ×32
Feudal
9:33
Castle
26:46
Imperial
—
| APM avg | 35.0 |
| APM peak | 73 |
| eAPM avg | 17.9 |
| Villagers / military | 75 / 30 |
Focus
⚔️ 31.2% · 🌾 68.8%
Camel Scout ×16 · Scout Cavalry ×12 · Spearman ×2
Match map
Initial resources + every placement click. Lines = walls · curves = elevation contours. ◆ gold · ⬟ stone · ● berries · ✦ relic · ◌ wall gap
Your base· Open — unwalled flank
EXILE | Apexpredator's base· Open — unwalled flank
EXILE | Mancoazteca's base· ✓ Closed at 24:04 · 40t walls · no gate
EXILE | PulDokken's base· Open — unwalled flank
DSLG | Maxteel97's base· Open — 12t gap
DSLG | Rommel's base· Open — 5t gap
DSLG | Z's base· ✓ Closed at 31:07 · 88t walls · 1 gate(s)
DSLG | Shiper's base· ✓ Closed at 26:46 · 61t walls · 1 gate(s)
Smoothed initial terrain · ◌ = detected wall gap · hover for details
Inputs per minute
— EXILE | Geiselgg - - EXILE | Apexpredator
Build order — EXILE | Geiselgg
First 150 of 223 actions detected
| 0:02 | Create | Villager (Male) |
| 0:02 | Create | Villager (Male) |
| 0:03 | Create | Villager (Male) |
| 0:04 | Build | House |
| 0:06 | Build | House |
| 0:11 | Create | Villager (Male) |
| 1:23 | Create | Villager (Male) |
| 1:24 | Create | Villager (Male) |
| 2:06 | Create | Villager (Male) |
| 2:06 | Create | Villager (Male) |
| 2:26 | Create | Villager (Male) |
| 2:26 | Create | Villager (Male) |
| 2:53 | Create | Villager (Male) |
| 2:54 | Create | Villager (Male) |
| 3:22 | Build | House |
| 3:26 | Create | Villager (Male) |
| 3:26 | Create | Villager (Male) |
| 3:54 | Create | Villager (Male) |
| 3:54 | Create | Villager (Male) |
| 4:07 | Build | House |
| 4:11 | Create | Villager (Male) |
| 4:26 | Create | Villager (Male) |
| 4:47 | Build | Lumber Camp |
| 4:52 | Create | Villager (Male) |
| 5:14 | Create | Villager (Male) |
| 5:15 | Create | Villager (Male) |
| 5:26 | Build | Mill |
| 6:04 | Research | Loom |
| 6:54 | Create | Villager (Male) |
| 7:24 | Research | Feudal Age |
| 8:01 | Build | Barracks |
| 8:14 | Create | Villager (Male) |
| 9:34 | Age | Feudal Age |
| 9:38 | Build | Stable |
| 9:48 | Research | Double-Bit Axe |
| 10:04 | Create | Villager (Male) |
| 10:14 | Build | House |
| 10:16 | Create | Scout Cavalry |
| 10:16 | Create | Scout Cavalry |
| 10:22 | Research | Horse Collar |
| 10:41 | Build | House |
| 10:43 | Build | Palisade Wall |
| 10:51 | Create | Villager (Male) |
| 10:52 | Create | Villager (Male) |
| 10:56 | Build | Farm |
| 10:59 | Build | Farm |
| 11:00 | Create | Villager (Male) |
| 11:06 | Create | Scout Cavalry |
| 11:20 | Build | Farm |
| 11:34 | Create | Villager (Male) |
| 11:47 | Build | Blacksmith |
| 11:53 | Create | Villager (Male) |
| 12:09 | Build | Farm |
| 12:13 | Build | Farm |
| 12:24 | Build | Farm |
| 12:25 | Create | Villager (Male) |
| 12:32 | Build | House |
| 12:42 | Build | Farm |
| 12:45 | Build | Farm |
| 12:49 | Create | Scout Cavalry |
| 12:55 | Build | Palisade Wall |
| 13:02 | Create | Villager (Male) |
| 13:10 | Build | Farm |
| 13:12 | Create | Villager (Male) |
| 13:23 | Build | Palisade Gate |
| 13:38 | Create | Scout Cavalry |
| 14:05 | Create | Villager (Male) |
| 14:08 | Build | Farm |
| 14:13 | Build | Farm |
| 14:22 | Create | Villager (Male) |
| 14:27 | Build | House |
| 14:29 | Build | Palisade Wall |
| 14:41 | Research | Scale Barding Armor |
| 15:02 | Create | Scout Cavalry |
| 15:02 | Create | Scout Cavalry |
| 15:03 | Create | Villager (Male) |
| 15:07 | Build | Mining Camp |
| 15:13 | Build | Palisade Wall |
| 15:17 | Create | Scout Cavalry |
| 15:24 | Build | Palisade Wall |
| 15:33 | Create | Villager (Male) |
| 15:46 | Build | Farm |
| 15:46 | Build | Farm |
| 15:47 | Build | Farm |
| 15:47 | Build | Farm |
| 15:47 | Build | Farm |
| 15:50 | Create | Villager (Male) |
| 16:40 | Create | Villager (Male) |
| 16:42 | Create | Scout Cavalry |
| 16:42 | Create | Scout Cavalry |
| 17:02 | Create | Villager (Male) |
| 17:06 | Build | Stable |
| 17:10 | Create | Villager (Male) |
| 17:23 | Research | Wheelbarrow |
| 17:29 | Build | Farm |
| 17:29 | Build | Farm |
| 17:30 | Build | Farm |
| 17:50 | Build | Palisade Wall |
| 18:11 | Build | House |
| 18:14 | Build | Palisade Wall |
| 18:26 | Build | Farm |
| 18:36 | Build | Palisade Wall |
| 18:57 | Build | Farm |
| 19:40 | Research | Castle Age |
| 19:40 | Research | Castle Age |
| 20:14 | Research | Gold Mining |
| 20:33 | Build | House |
| 20:43 | Research | Bloodlines |
| 21:21 | Build | House |
| 22:04 | Build | Market |
| 22:20 | Age | Castle Age |
| 22:24 | Research | Husbandry |
| 22:24 | Create | Knight |
| 22:25 | Create | Knight |
| 22:29 | Research | Chain Barding Armor |
| 22:37 | Research | Light Cavalry (upgrade) |
| 23:00 | Research | Light Cavalry (upgrade) |
| 23:07 | Create | Knight |
| 23:07 | Create | Knight |
| 23:17 | Create | Villager (Male) |
| 23:17 | Create | Villager (Male) |
| 23:22 | Build | Town Center |
| 23:26 | Build | Palisade Wall |
| 23:32 | Create | Knight |
| 23:33 | Create | Knight |
| 23:52 | Create | Knight |
| 23:53 | Create | Knight |
| 23:55 | Create | Villager (Male) |
| 24:22 | Create | Knight |
| 24:23 | Create | Knight |
| 24:23 | Create | Villager (Male) |
| 24:23 | Create | Villager (Male) |
| 24:28 | Build | House |
| 24:30 | Build | House |
| 24:47 | Create | Knight |
| 24:48 | Create | Villager (Male) |
| 24:48 | Create | Villager (Male) |
| 24:53 | Create | Villager (Male) |
| 25:06 | Create | Knight |
| 25:06 | Create | Knight |
| 25:12 | Create | Villager (Male) |
| 25:12 | Create | Villager (Male) |
| 25:20 | Create | Knight |
| 25:56 | Create | Knight |
| 25:57 | Create | Knight |
| 25:57 | Create | Villager (Male) |
| 25:58 | Create | Villager (Male) |
| 26:01 | Build | House |
| 26:02 | Create | Villager (Male) |
| 26:07 | Build | Farm |
Build order — EXILE | Apexpredator
First 150 of 180 actions detected
| 0:03 | Create | Villager (Male) |
| 0:03 | Create | Villager (Male) |
| 0:05 | Build | House |
| 0:07 | Build | House |
| 0:12 | Create | Villager (Male) ×2 |
| 1:28 | Create | Villager (Male) |
| 1:28 | Create | Villager (Male) |
| 2:00 | Create | Villager (Male) |
| 2:01 | Create | Villager (Male) |
| 2:22 | Create | Villager (Male) |
| 2:22 | Create | Villager (Male) |
| 2:50 | Create | Villager (Male) |
| 2:50 | Create | Villager (Male) |
| 3:02 | Create | Villager (Male) |
| 3:37 | Build | Lumber Camp |
| 3:43 | Create | Villager (Male) |
| 3:43 | Create | Villager (Male) |
| 4:07 | Create | Villager (Male) |
| 4:07 | Create | Villager (Male) |
| 4:23 | Build | House |
| 4:42 | Create | Villager (Male) |
| 4:42 | Create | Villager (Male) |
| 4:43 | Create | Villager (Male) |
| 4:43 | Create | Villager (Male) |
| 5:05 | Create | Villager (Male) |
| 5:05 | Create | Villager (Male) |
| 5:13 | Create | Villager (Male) |
| 5:37 | Create | Villager (Male) |
| 6:09 | Build | Mill |
| 6:25 | Create | Villager (Male) |
| 6:52 | Build | House |
| 6:56 | Research | Loom |
| 7:20 | Research | Feudal Age |
| 7:28 | Build | Mining Camp |
| 8:17 | Build | Barracks |
| 8:20 | Build | House |
| 9:31 | Age | Feudal Age |
| 9:33 | Build | Archery Range |
| 9:36 | Create | Villager (Male) |
| 9:37 | Create | Villager (Male) |
| 9:47 | Research | Double-Bit Axe |
| 10:15 | Create | Villager (Male) |
| 10:19 | Build | Blacksmith |
| 10:19 | Build | Blacksmith |
| 10:25 | Build | Blacksmith |
| 10:30 | Create | Archer |
| 10:30 | Create | Archer |
| 11:10 | Build | Archery Range |
| 11:24 | Research | Fletching |
| 11:27 | Create | Archer |
| 11:52 | Create | Archer |
| 11:53 | Create | Archer |
| 11:58 | Build | Farm |
| 12:00 | Build | Farm |
| 12:12 | Create | Archer |
| 12:12 | Create | Archer |
| 12:18 | Build | House |
| 12:31 | Build | House |
| 12:38 | Create | Archer |
| 12:38 | Create | Archer |
| 12:40 | Create | Villager (Male) |
| 12:40 | Create | Villager (Male) |
| 12:58 | Create | Villager (Male) |
| 13:13 | Build | Farm |
| 14:10 | Create | Villager (Male) |
| 14:10 | Create | Villager (Male) |
| 14:11 | Build | Farm |
| 14:11 | Build | Farm |
| 14:23 | Create | Villager (Male) |
| 14:40 | Build | Farm |
| 14:42 | Create | Archer |
| 14:42 | Create | Archer |
| 14:42 | Create | Archer |
| 14:42 | Create | Archer |
| 15:10 | Create | Villager (Male) |
| 15:11 | Build | Farm |
| 15:22 | Create | Villager (Male) |
| 15:28 | Create | Archer |
| 15:28 | Create | Archer |
| 15:37 | Research | Padded Archer Armor |
| 16:17 | Create | Archer |
| 16:17 | Create | Archer |
| 16:23 | Build | Farm |
| 16:23 | Build | Farm |
| 16:23 | Build | Farm |
| 16:25 | Build | Farm |
| 16:26 | Build | Farm |
| 16:27 | Build | Farm |
| 16:30 | Create | Villager (Male) |
| 16:31 | Create | Villager (Male) |
| 16:32 | Create | Villager (Male) |
| 17:19 | Build | Lumber Camp |
| 17:23 | Build | Lumber Camp |
| 17:40 | Create | Archer |
| 17:41 | Create | Archer |
| 17:51 | Build | House |
| 18:22 | Build | House |
| 18:23 | Build | House |
| 18:24 | Build | House |
| 18:28 | Research | Gold Mining |
| 18:50 | Create | Villager (Male) |
| 18:51 | Create | Villager (Male) |
| 18:57 | Build | House |
| 19:01 | Build | Palisade Wall |
| 19:21 | Create | Villager (Male) |
| 19:22 | Create | Villager (Male) |
| 19:27 | Build | Farm |
| 19:39 | Build | Archery Range |
| 19:52 | Create | Villager (Male) |
| 19:52 | Research | Wheelbarrow |
| 20:26 | Build | House |
| 20:32 | Research | Horse Collar |
| 21:51 | Research | Castle Age |
| 21:51 | Research | Castle Age |
| 22:03 | Create | Archer |
| 22:04 | Create | Archer |
| 22:04 | Create | Archer |
| 22:04 | Create | Archer |
| 22:04 | Create | Archer |
| 22:05 | Create | Archer |
| 22:08 | Build | House |
| 22:09 | Build | House |
| 22:52 | Build | Lumber Camp |
| 22:58 | Create | Archer |
| 22:59 | Create | Archer |
| 22:59 | Create | Archer |
| 22:59 | Create | Archer |
| 23:42 | Create | Archer |
| 23:42 | Create | Archer |
| 23:43 | Create | Archer |
| 23:45 | Create | Archer |
| 23:48 | Build | Archery Range |
| 24:11 | Create | Archer |
| 24:25 | Create | Villager (Male) |
| 24:26 | Create | Villager (Male) |
| 24:26 | Create | Villager (Male) |
| 24:31 | Age | Castle Age |
| 24:34 | Build | University |
| 24:36 | Research | Bodkin Arrow |
| 24:37 | Research | Crossbowman (upgrade) |
| 25:17 | Research | Ballistics |
| 25:35 | Build | Farm |
| 25:37 | Create | Villager (Male) |
| 25:38 | Create | Villager (Male) |
| 25:40 | Research | Bow Saw |
| 26:27 | Create | Archer |
| 26:27 | Create | Archer |
| 26:27 | Create | Archer |
| 26:28 | Create | Archer |
| 26:28 | Create | Archer |
Build order — EXILE | Mancoazteca
First 150 of 203 actions detected
| 0:00 | Create | Villager (Male) |
| 0:01 | Create | Villager (Male) |
| 0:01 | Create | Villager (Male) |
| 0:01 | Create | Villager (Male) |
| 0:03 | Build | House |
| 0:04 | Build | House |
| 1:20 | Create | Villager (Male) |
| 1:20 | Create | Villager (Male) |
| 2:03 | Create | Villager (Male) |
| 2:03 | Create | Villager (Male) |
| 2:03 | Create | Villager (Male) |
| 2:15 | Build | Lumber Camp |
| 3:09 | Create | Villager (Male) |
| 3:14 | Create | Villager (Male) |
| 3:15 | Create | Villager (Male) |
| 3:15 | Create | Villager (Male) |
| 3:15 | Create | Villager (Male) |
| 3:15 | Create | Villager (Male) |
| 3:15 | Create | Villager (Male) |
| 3:15 | Create | Villager (Male) |
| 3:40 | Build | House |
| 3:52 | Create | Villager (Male) |
| 4:31 | Create | Villager (Male) |
| 4:43 | Create | Villager (Male) |
| 4:43 | Create | Villager (Male) |
| 4:43 | Create | Villager (Male) |
| 4:49 | Build | Mining Camp |
| 5:02 | Create | Villager (Male) |
| 5:03 | Create | Villager (Male) |
| 5:03 | Create | Villager (Male) |
| 5:03 | Create | Villager (Male) |
| 5:25 | Create | Villager (Male) |
| 5:26 | Create | Villager (Male) |
| 5:31 | Create | Villager (Male) |
| 5:31 | Create | Villager (Male) |
| 5:31 | Create | Villager (Male) |
| 5:48 | Create | Villager (Male) |
| 6:34 | Research | Loom |
| 7:22 | Research | Feudal Age |
| 8:28 | Build | Barracks |
| 8:45 | Build | House |
| 9:32 | Age | Feudal Age |
| 9:33 | Build | Archery Range |
| 9:36 | Create | Villager (Male) |
| 9:37 | Create | Villager (Male) |
| 9:42 | Build | Archery Range |
| 9:46 | Create | Villager (Male) |
| 9:59 | Build | Blacksmith |
| 10:27 | Create | Archer |
| 10:27 | Create | Archer |
| 10:37 | Create | Archer |
| 10:37 | Create | Archer |
| 10:48 | Research | Fletching |
| 10:59 | Build | Mill |
| 11:03 | Build | House |
| 11:23 | Create | Archer |
| 11:23 | Create | Archer |
| 11:38 | Create | Archer |
| 11:38 | Create | Archer |
| 12:00 | Create | Archer |
| 12:19 | Create | Archer |
| 12:40 | Create | Villager (Male) |
| 12:40 | Create | Villager (Male) |
| 12:43 | Create | Archer |
| 12:43 | Create | Archer |
| 13:37 | Create | Archer |
| 13:37 | Create | Archer |
| 13:37 | Create | Archer |
| 13:57 | Research | Padded Archer Armor |
| 14:14 | Build | House |
| 14:16 | Build | House |
| 14:19 | Build | House |
| 14:44 | Create | Archer |
| 14:44 | Create | Archer |
| 14:44 | Create | Archer |
| 14:44 | Create | Archer |
| 14:56 | Build | Farm |
| 14:57 | Build | Farm |
| 14:59 | Create | Villager (Male) |
| 14:59 | Create | Villager (Male) |
| 15:03 | Build | Farm |
| 15:16 | Create | Archer |
| 15:28 | Create | Archer |
| 15:28 | Create | Archer |
| 15:35 | Build | Farm |
| 15:47 | Build | House |
| 15:48 | Build | House |
| 15:49 | Build | House |
| 15:59 | Create | Archer |
| 15:59 | Create | Archer |
| 15:59 | Create | Archer |
| 16:11 | Create | Villager (Male) |
| 16:11 | Create | Villager (Male) |
| 16:33 | Create | Villager (Male) |
| 16:33 | Create | Villager (Male) |
| 16:33 | Create | Villager (Male) |
| 16:53 | Create | Villager (Male) |
| 16:54 | Create | Villager (Male) |
| 16:54 | Create | Villager (Male) |
| 17:11 | Create | Archer |
| 17:11 | Create | Archer |
| 17:11 | Create | Archer |
| 17:11 | Create | Archer |
| 17:12 | Create | Archer |
| 17:15 | Create | Villager (Male) |
| 17:15 | Create | Villager (Male) |
| 17:15 | Create | Villager (Male) |
| 17:48 | Build | Farm |
| 17:51 | Build | Farm |
| 17:52 | Build | Farm |
| 18:06 | Create | Villager (Male) |
| 18:43 | Build | Market |
| 18:53 | Create | Villager (Male) |
| 18:53 | Create | Villager (Male) |
| 18:54 | Create | Villager (Male) |
| 18:54 | Create | Villager (Male) |
| 19:03 | Build | Farm |
| 19:04 | Build | Farm |
| 19:18 | Build | House |
| 19:20 | Build | House |
| 19:20 | Build | Palisade Wall |
| 19:22 | Create | Villager (Male) |
| 19:32 | Build | Farm |
| 19:37 | Build | Farm |
| 19:38 | Build | Farm |
| 19:50 | Create | Villager (Male) |
| 20:14 | Build | Farm |
| 20:17 | Build | Farm |
| 21:24 | Research | Castle Age |
| 21:38 | Create | Archer |
| 21:38 | Create | Archer |
| 21:48 | Build | Palisade Wall |
| 21:58 | Build | Palisade Wall |
| 22:07 | Build | Palisade Wall |
| 22:10 | Build | Palisade Wall |
| 22:19 | Research | Double-Bit Axe |
| 22:21 | Research | Horse Collar |
| 22:30 | Build | House |
| 22:50 | Create | Archer |
| 22:51 | Create | Archer |
| 24:04 | Age | Castle Age |
| 24:07 | Build | Mining Camp |
| 24:15 | Research | Crossbowman (upgrade) |
| 24:16 | Research | Bodkin Arrow |
| 24:34 | Research | Leather Archer Armor |
| 24:35 | Create | Villager (Male) |
| 24:42 | Build | University |
| 25:01 | Create | Villager (Male) |
| 25:01 | Create | Villager (Male) |
| 25:08 | Create | Archer |
Build order — EXILE | PulDokken
First 150 of 220 actions detected
| 0:00 | Create | Villager (Male) |
| 0:00 | Create | Villager (Male) |
| 0:00 | Create | Villager (Male) |
| 0:01 | Create | Villager (Male) |
| 0:01 | Create | Villager (Male) |
| 0:01 | Create | Villager (Male) |
| 0:03 | Build | House |
| 0:05 | Build | House |
| 1:29 | Create | Villager (Male) |
| 1:29 | Create | Villager (Male) |
| 1:59 | Create | Villager (Male) |
| 1:59 | Create | Villager (Male) |
| 2:03 | Build | House |
| 2:07 | Create | Villager (Male) |
| 2:36 | Build | House |
| 3:08 | Build | Lumber Camp |
| 3:13 | Create | Villager (Male) |
| 3:13 | Create | Villager (Male) |
| 3:13 | Create | Villager (Male) |
| 3:14 | Create | Villager (Male) |
| 4:01 | Create | Villager (Male) |
| 4:01 | Create | Villager (Male) |
| 4:02 | Create | Villager (Male) |
| 4:42 | Build | Mill |
| 4:50 | Create | Villager (Male) |
| 4:50 | Create | Villager (Male) |
| 4:51 | Create | Villager (Male) |
| 5:32 | Research | Loom |
| 5:32 | Research | Loom |
| 6:39 | Research | Feudal Age |
| 7:09 | Build | Barracks |
| 7:25 | Build | House |
| 7:50 | Create | Villager (Male) |
| 7:50 | Create | Villager (Male) |
| 8:22 | Build | Lumber Camp |
| 8:43 | Age | Feudal Age |
| 8:47 | Build | Stable |
| 9:23 | Research | Double-Bit Axe |
| 9:24 | Research | Double-Bit Axe |
| 9:26 | Create | Villager (Male) |
| 9:31 | Build | House |
| 9:38 | Build | Palisade Wall |
| 9:51 | Create | Scout Cavalry |
| 9:51 | Create | Scout Cavalry |
| 9:57 | Build | Farm |
| 10:07 | Build | Farm |
| 10:07 | Create | Villager (Male) |
| 10:07 | Create | Villager (Male) |
| 10:24 | Build | Farm |
| 10:26 | Create | Villager (Male) |
| 10:59 | Create | Scout Cavalry |
| 11:02 | Build | Farm |
| 11:04 | Build | Farm |
| 11:08 | Create | Villager (Male) |
| 11:08 | Create | Villager (Male) |
| 11:40 | Create | Scout Cavalry |
| 11:48 | Build | Farm |
| 11:49 | Create | Villager (Male) |
| 11:49 | Create | Villager (Male) |
| 11:59 | Create | Villager (Male) |
| 12:03 | Build | Farm |
| 12:30 | Create | Scout Cavalry |
| 12:35 | Build | Farm |
| 12:37 | Create | Villager (Male) |
| 12:40 | Build | Farm |
| 12:54 | Build | Farm |
| 13:00 | Build | Farm |
| 13:29 | Create | Scout Cavalry |
| 13:29 | Create | Villager (Male) |
| 13:30 | Create | Villager (Male) |
| 13:32 | Build | Farm |
| 13:52 | Create | Scout Cavalry |
| 14:05 | Create | Villager (Male) |
| 14:08 | Build | House |
| 14:09 | Build | House |
| 14:28 | Build | Farm |
| 14:29 | Create | Villager (Male) |
| 14:36 | Build | Mining Camp |
| 14:43 | Create | Villager (Male) |
| 14:51 | Build | House |
| 14:52 | Build | House |
| 14:56 | Build | Farm |
| 15:01 | Create | Scout Cavalry |
| 15:07 | Create | Villager (Male) |
| 15:23 | Research | Horse Collar |
| 15:23 | Research | Horse Collar |
| 15:27 | Build | House |
| 15:28 | Build | House |
| 15:36 | Create | Scout Cavalry |
| 15:42 | Build | Blacksmith |
| 15:52 | Create | Scout Cavalry |
| 16:10 | Create | Scout Cavalry |
| 16:11 | Create | Villager (Male) |
| 16:14 | Build | Farm |
| 16:32 | Create | Villager (Male) |
| 16:34 | Build | Farm |
| 17:13 | Create | Villager (Male) |
| 17:14 | Create | Villager (Male) |
| 17:16 | Build | Farm |
| 17:18 | Build | Farm |
| 17:27 | Build | House |
| 17:28 | Build | House |
| 17:29 | Build | House |
| 17:53 | Build | Farm |
| 17:54 | Build | Farm |
| 17:55 | Create | Villager (Male) |
| 17:57 | Create | Scout Cavalry |
| 18:09 | Research | Scale Barding Armor |
| 18:15 | Create | Villager (Male) |
| 18:17 | Build | Farm |
| 18:35 | Build | Farm |
| 18:39 | Create | Villager (Male) |
| 18:54 | Create | Villager (Male) |
| 18:59 | Build | Market |
| 19:09 | Research | Bloodlines |
| 19:09 | Research | Bloodlines |
| 19:24 | Build | Farm |
| 19:28 | Build | Farm |
| 19:29 | Build | Farm |
| 19:31 | Create | Villager (Male) |
| 19:49 | Build | House |
| 19:50 | Build | House |
| 20:43 | Research | Castle Age |
| 20:43 | Research | Castle Age |
| 21:02 | Research | Forging |
| 21:03 | Research | Forging |
| 21:26 | Build | House |
| 21:27 | Build | House |
| 22:08 | Research | Gold Mining |
| 22:08 | Research | Gold Mining |
| 22:15 | Build | Lumber Camp |
| 22:33 | Build | House |
| 22:34 | Build | House |
| 22:36 | Build | House |
| 23:08 | Age | Castle Age |
| 23:11 | Create | Knight |
| 23:12 | Create | Knight |
| 23:18 | Research | Iron Casting |
| 23:19 | Research | Iron Casting |
| 23:20 | Research | Bow Saw |
| 23:20 | Research | Bow Saw |
| 23:21 | Create | Villager (Male) |
| 23:21 | Create | Villager (Male) |
| 23:21 | Create | Villager (Male) |
| 23:59 | Create | Villager (Male) |
| 23:59 | Create | Villager (Male) |
| 24:01 | Create | Knight |
| 24:02 | Create | Knight |
| 24:17 | Build | House |
| 24:19 | Build | House |
Build order — DSLG | Maxteel97
First 150 of 166 actions detected
| 0:02 | Create | Villager (Male) |
| 0:02 | Create | Villager (Male) |
| 0:03 | Build | House |
| 0:04 | Build | House |
| 0:19 | Create | Villager (Male) |
| 0:20 | Create | Villager (Male) |
| 1:19 | Create | Villager (Male) |
| 1:33 | Build | Lumber Camp |
| 1:58 | Create | Villager (Male) |
| 2:24 | Create | Villager (Male) |
| 2:31 | Create | Villager (Male) |
| 3:05 | Build | House |
| 3:17 | Create | Villager (Male) |
| 3:56 | Create | Villager (Male) |
| 3:57 | Create | Villager (Male) |
| 4:17 | Create | Villager (Male) |
| 4:26 | Create | Villager (Male) |
| 4:26 | Create | Villager (Male) |
| 4:51 | Build | Mining Camp |
| 4:54 | Build | Mining Camp |
| 5:47 | Create | Villager (Male) |
| 6:01 | Research | Loom |
| 6:49 | Research | Feudal Age |
| 7:10 | Build | House |
| 7:55 | Build | Barracks |
| 8:21 | Create | Villager (Male) |
| 8:50 | Create | Villager (Male) |
| 9:02 | Age | Feudal Age |
| 9:04 | Build | Archery Range |
| 9:13 | Create | Villager (Male) |
| 9:36 | Build | Mill |
| 9:51 | Create | Archer |
| 10:02 | Create | Villager (Male) |
| 10:16 | Create | Villager (Male) |
| 10:19 | Build | House |
| 10:22 | Build | Palisade Wall |
| 10:25 | Create | Archer |
| 10:30 | Create | Spearman |
| 10:36 | Build | House |
| 10:45 | Create | Archer |
| 10:59 | Create | Villager (Male) |
| 11:09 | Build | Palisade Wall |
| 11:16 | Create | Archer |
| 11:20 | Build | House |
| 11:25 | Build | Palisade Wall |
| 11:26 | Create | Villager (Male) |
| 11:43 | Create | Villager (Male) |
| 11:54 | Create | Villager (Male) |
| 11:56 | Create | Archer |
| 12:01 | Build | Blacksmith |
| 12:06 | Create | Villager (Male) |
| 12:19 | Build | House |
| 12:21 | Build | Palisade Wall |
| 12:30 | Build | Farm |
| 12:41 | Create | Archer |
| 12:59 | Build | Farm |
| 13:03 | Research | Fletching |
| 13:08 | Create | Archer |
| 13:14 | Build | House |
| 13:36 | Create | Archer |
| 13:38 | Create | Spearman |
| 14:10 | Create | Skirmisher |
| 14:19 | Create | Villager (Male) |
| 14:21 | Build | Palisade Wall |
| 14:24 | Create | Archer |
| 14:36 | Create | Villager (Male) |
| 14:42 | Build | Farm |
| 14:45 | Build | Farm |
| 14:55 | Create | Archer |
| 14:56 | Create | Archer |
| 15:18 | Create | Archer |
| 15:18 | Create | Archer |
| 15:20 | Build | Farm |
| 15:21 | Create | Villager (Male) |
| 15:45 | Build | House |
| 15:49 | Create | Archer |
| 15:49 | Create | Archer |
| 16:12 | Create | Archer |
| 16:12 | Create | Archer |
| 16:29 | Build | Palisade Wall |
| 16:32 | Create | Villager (Male) |
| 16:55 | Create | Archer |
| 16:55 | Create | Archer |
| 16:55 | Create | Archer |
| 16:59 | Build | House |
| 17:00 | Create | Villager (Male) |
| 17:02 | Build | Farm |
| 17:07 | Build | Palisade Wall |
| 17:12 | Create | Archer |
| 17:34 | Create | Villager (Male) |
| 17:35 | Build | Farm |
| 17:36 | Create | Villager (Male) |
| 17:50 | Build | Farm |
| 17:51 | Build | Farm |
| 17:51 | Build | Farm |
| 17:51 | Build | Farm |
| 17:53 | Create | Villager (Male) |
| 18:14 | Build | House |
| 18:16 | Build | Palisade Wall |
| 18:20 | Create | Archer |
| 18:28 | Build | Palisade Wall |
| 18:36 | Create | Archer |
| 18:36 | Create | Archer |
| 18:42 | Build | Farm |
| 18:42 | Build | Farm |
| 18:43 | Create | Villager (Male) |
| 18:54 | Create | Archer |
| 19:02 | Build | Farm |
| 19:03 | Create | Villager (Male) |
| 19:24 | Build | Farm |
| 19:31 | Build | Palisade Gate |
| 19:50 | Build | Palisade Gate |
| 19:53 | Create | Archer |
| 19:54 | Create | Archer |
| 20:07 | Create | Villager (Male) |
| 20:22 | Create | Villager (Male) |
| 20:30 | Build | Market |
| 20:43 | Create | Archer |
| 21:41 | Build | Farm |
| 21:42 | Create | Villager (Male) |
| 21:48 | Research | Castle Age |
| 21:53 | Build | Archery Range |
| 21:58 | Create | Archer |
| 22:22 | Build | Lumber Camp |
| 22:25 | Create | Archer |
| 22:55 | Create | Archer |
| 22:55 | Create | Archer |
| 22:55 | Create | Archer |
| 23:17 | Create | Archer |
| 23:18 | Create | Archer |
| 23:23 | Create | Villager (Male) |
| 23:27 | Build | Farm |
| 23:41 | Create | Archer |
| 23:41 | Create | Archer |
| 23:48 | Research | Padded Archer Armor |
| 24:14 | Create | Archer |
| 24:14 | Create | Archer |
| 24:14 | Create | Archer |
| 24:14 | Create | Archer |
| 24:15 | Create | Villager (Male) |
| 24:15 | Create | Villager (Male) |
| 24:28 | Age | Castle Age |
| 24:35 | Research | Crossbowman (upgrade) |
| 24:37 | Create | Archer |
| 24:43 | Research | Bodkin Arrow |
| 25:07 | Build | Farm |
| 25:23 | Build | House |
| 25:25 | Create | Archer |
| 25:25 | Create | Archer |
| 25:25 | Create | Archer |
Build order — DSLG | Rommel
First 150 of 153 actions detected
| 0:02 | Create | Villager (Male) |
| 0:02 | Create | Villager (Male) |
| 0:02 | Create | Villager (Male) |
| 0:04 | Build | House |
| 0:07 | Build | House |
| 0:13 | Create | Villager (Male) |
| 0:13 | Create | Villager (Male) |
| 0:13 | Create | Villager (Male) |
| 1:43 | Create | Villager (Male) |
| 1:43 | Create | Villager (Male) |
| 1:50 | Build | Lumber Camp |
| 1:57 | Build | Lumber Camp |
| 2:06 | Create | Villager (Male) |
| 2:06 | Create | Villager (Male) |
| 2:43 | Create | Villager (Male) |
| 2:44 | Create | Villager (Male) |
| 2:53 | Create | Villager (Male) |
| 2:53 | Create | Villager (Male) |
| 3:24 | Create | Villager (Male) |
| 3:24 | Create | Villager (Male) |
| 3:29 | Build | House |
| 3:31 | Build | House |
| 3:57 | Create | Villager (Male) |
| 3:57 | Create | Villager (Male) |
| 3:58 | Create | Villager (Male) |
| 4:10 | Create | Villager (Male) |
| 4:10 | Create | Villager (Male) |
| 4:10 | Create | Villager (Male) |
| 4:53 | Build | Mill |
| 5:24 | Create | Villager (Male) |
| 5:25 | Create | Villager (Male) |
| 6:08 | Create | Villager (Male) |
| 6:46 | Create | Villager (Male) |
| 6:58 | Build | Barracks |
| 7:10 | Create | Villager (Male) |
| 7:23 | Research | Loom |
| 7:58 | Research | Feudal Age |
| 8:02 | Build | Mining Camp |
| 8:20 | Build | House |
| 8:36 | Build | House |
| 9:34 | Create | Villager (Male) |
| 10:17 | Age | Feudal Age |
| 10:26 | Build | Archery Range |
| 10:35 | Create | Spearman |
| 10:39 | Research | Double-Bit Axe |
| 11:02 | Create | Spearman |
| 11:02 | Create | Villager (Male) |
| 11:06 | Build | Watch Tower |
| 11:08 | Create | Villager (Male) |
| 11:11 | Build | Farm |
| 11:13 | Build | Farm |
| 11:15 | Research | Horse Collar |
| 11:21 | Create | Spearman |
| 11:32 | Create | Villager (Male) |
| 11:36 | Create | Skirmisher |
| 11:36 | Create | Archer |
| 11:42 | Create | Skirmisher |
| 11:48 | Build | House |
| 11:57 | Build | House |
| 12:25 | Create | Skirmisher |
| 12:35 | Build | Archery Range |
| 12:47 | Create | Skirmisher |
| 13:13 | Build | Farm |
| 13:25 | Create | Skirmisher |
| 13:35 | Build | Farm |
| 13:52 | Create | Archer |
| 13:52 | Create | Archer |
| 14:21 | Build | Lumber Camp |
| 14:34 | Create | Villager (Male) |
| 14:35 | Create | Villager (Male) |
| 14:43 | Build | Palisade Wall |
| 15:06 | Create | Villager (Male) |
| 15:15 | Create | Archer |
| 15:15 | Create | Archer |
| 15:16 | Create | Archer |
| 15:45 | Create | Villager (Male) |
| 16:05 | Create | Archer |
| 16:05 | Create | Archer |
| 16:06 | Create | Archer |
| 16:06 | Create | Archer |
| 16:16 | Build | Market |
| 16:24 | Create | Villager (Male) |
| 16:33 | Create | Archer |
| 16:43 | Create | Villager (Male) |
| 17:12 | Build | Blacksmith |
| 17:14 | Create | Villager (Male) |
| 17:27 | Create | Villager (Male) |
| 17:33 | Create | Archer |
| 17:33 | Create | Archer |
| 17:33 | Create | Archer |
| 17:34 | Create | Archer |
| 17:37 | Create | Villager (Male) |
| 17:43 | Build | House |
| 17:44 | Build | House |
| 18:21 | Create | Villager (Male) |
| 18:21 | Create | Villager (Male) |
| 18:33 | Build | Archery Range |
| 18:35 | Create | Villager (Male) |
| 18:50 | Build | House |
| 18:52 | Build | House |
| 19:13 | Research | Fletching |
| 19:15 | Create | Villager (Male) |
| 19:15 | Create | Villager (Male) |
| 19:30 | Build | Farm |
| 19:35 | Build | Farm |
| 19:41 | Create | Archer |
| 19:41 | Create | Archer |
| 19:42 | Create | Archer |
| 19:42 | Create | Archer |
| 19:42 | Create | Archer |
| 19:42 | Create | Archer |
| 20:00 | Build | House |
| 20:01 | Build | House |
| 20:11 | Create | Villager (Male) |
| 20:11 | Create | Villager (Male) |
| 20:23 | Create | Villager (Male) |
| 20:29 | Build | House |
| 20:35 | Create | Archer |
| 20:35 | Create | Archer |
| 20:35 | Create | Archer |
| 20:36 | Create | Archer |
| 20:46 | Build | Lumber Camp |
| 20:48 | Create | Villager (Male) |
| 21:01 | Create | Archer |
| 21:02 | Create | Archer |
| 21:03 | Create | Villager (Male) |
| 21:04 | Create | Villager (Male) |
| 22:01 | Create | Archer |
| 22:02 | Create | Archer |
| 22:02 | Create | Archer |
| 22:02 | Create | Archer |
| 22:04 | Create | Villager (Male) |
| 22:13 | Build | Farm |
| 22:13 | Build | Farm |
| 22:13 | Build | Farm |
| 22:13 | Build | Farm |
| 22:14 | Build | Farm |
| 22:17 | Create | Villager (Male) |
| 22:50 | Build | Farm |
| 22:50 | Build | Farm |
| 22:51 | Build | Farm |
| 23:06 | Build | House |
| 24:38 | Build | House |
| 24:58 | Create | Villager (Male) |
| 25:55 | Research | Castle Age |
| 26:46 | Build | House |
| 27:41 | Build | House |
| 28:35 | Age | Castle Age |
| 28:39 | Build | Siege Workshop |
| 28:59 | Build | Town Center |
Build order — DSLG | Z
First 150 of 198 actions detected
| 0:00 | Create | Villager (Male) |
| 0:00 | Create | Villager (Male) |
| 0:01 | Create | Villager (Male) |
| 0:02 | Build | House |
| 0:04 | Build | House |
| 0:22 | Create | Villager (Male) |
| 0:22 | Create | Villager (Male) |
| 1:12 | Create | Villager (Male) |
| 1:13 | Create | Villager (Male) |
| 2:08 | Create | Villager (Male) |
| 2:08 | Create | Villager (Male) |
| 2:21 | Create | Villager (Male) |
| 2:21 | Create | Villager (Male) |
| 2:35 | Create | Villager (Male) |
| 2:35 | Create | Villager (Male) |
| 3:20 | Create | Villager (Male) |
| 3:20 | Create | Villager (Male) |
| 3:21 | Create | Villager (Male) |
| 3:21 | Create | Villager (Male) |
| 4:04 | Build | House |
| 4:08 | Create | Villager (Male) |
| 4:12 | Build | House |
| 4:54 | Create | Villager (Male) |
| 4:54 | Create | Villager (Male) |
| 4:59 | Create | Villager (Male) |
| 4:59 | Create | Villager (Male) |
| 4:59 | Create | Villager (Male) |
| 5:13 | Create | Villager (Male) |
| 6:25 | Research | Feudal Age |
| 6:25 | Research | Feudal Age |
| 6:38 | Create | Villager (Male) |
| 6:38 | Create | Villager (Male) |
| 6:58 | Build | Lumber Camp |
| 7:17 | Build | Mill |
| 8:03 | Build | House |
| 8:04 | Build | House |
| 8:09 | Research | Loom |
| 8:35 | Age | Feudal Age |
| 8:40 | Build | Stable |
| 8:44 | Create | Villager (Male) |
| 8:46 | Research | Double-Bit Axe |
| 9:08 | Create | Villager (Male) |
| 9:35 | Research | Horse Collar |
| 9:41 | Build | House |
| 9:45 | Build | Palisade Wall |
| 9:47 | Create | Villager (Male) |
| 9:58 | Create | Scout Cavalry |
| 10:10 | Create | Villager (Male) |
| 10:28 | Build | Palisade Wall |
| 10:32 | Build | House |
| 10:36 | Build | Palisade Wall |
| 10:37 | Create | Villager (Male) |
| 10:37 | Create | Villager (Male) |
| 10:41 | Build | Farm |
| 10:42 | Build | Farm |
| 10:44 | Build | Farm |
| 10:56 | Create | Scout Cavalry |
| 10:57 | Create | Scout Cavalry |
| 11:18 | Create | Villager (Male) |
| 11:35 | Create | Villager (Male) |
| 11:38 | Build | Farm |
| 11:40 | Build | Farm |
| 11:43 | Build | Farm |
| 11:50 | Create | Villager (Male) |
| 11:56 | Build | House |
| 11:59 | Build | Palisade Wall |
| 12:02 | Create | Villager (Male) |
| 12:18 | Create | Scout Cavalry |
| 12:18 | Create | Scout Cavalry |
| 12:38 | Create | Villager (Male) |
| 12:40 | Build | Farm |
| 12:42 | Create | Villager (Male) |
| 13:05 | Create | Villager (Male) |
| 13:05 | Create | Villager (Male) |
| 13:37 | Create | Scout Cavalry |
| 13:37 | Create | Scout Cavalry |
| 13:57 | Create | Scout Cavalry |
| 14:10 | Build | Blacksmith |
| 14:12 | Build | Palisade Wall |
| 14:18 | Build | House |
| 14:20 | Create | Scout Cavalry |
| 14:36 | Build | House |
| 14:37 | Build | House |
| 14:40 | Create | Villager (Male) |
| 14:42 | Build | Mining Camp |
| 14:46 | Create | Villager (Male) |
| 15:03 | Research | Scale Barding Armor |
| 15:14 | Create | Villager (Male) |
| 15:33 | Create | Scout Cavalry |
| 15:46 | Build | Farm |
| 15:50 | Build | Farm |
| 15:53 | Build | Farm |
| 15:56 | Build | Farm |
| 15:58 | Create | Villager (Male) |
| 15:59 | Create | Villager (Male) |
| 16:26 | Create | Scout Cavalry |
| 16:40 | Build | Farm |
| 16:40 | Build | Farm |
| 16:40 | Build | Farm |
| 16:40 | Build | Farm |
| 16:41 | Build | Farm |
| 16:41 | Build | Farm |
| 16:41 | Build | Farm |
| 16:41 | Build | Farm |
| 16:41 | Build | Farm |
| 16:49 | Build | Palisade Wall |
| 16:51 | Create | Villager (Male) |
| 16:51 | Create | Villager (Male) |
| 17:12 | Build | House |
| 17:14 | Build | Palisade Wall |
| 17:15 | Create | Villager (Male) |
| 17:26 | Build | Farm |
| 17:34 | Build | Farm |
| 17:35 | Create | Villager (Male) |
| 17:43 | Create | Scout Cavalry |
| 17:54 | Create | Villager (Male) |
| 17:58 | Build | Farm |
| 18:00 | Build | Farm |
| 18:06 | Build | House |
| 18:36 | Research | Bloodlines |
| 18:36 | Create | Scout Cavalry |
| 18:36 | Create | Scout Cavalry |
| 18:41 | Create | Villager (Male) |
| 18:53 | Build | House |
| 18:54 | Build | House |
| 18:57 | Build | Palisade Wall |
| 19:00 | Create | Villager (Male) |
| 19:13 | Build | Farm |
| 19:13 | Build | Farm |
| 19:13 | Build | Farm |
| 19:13 | Build | Farm |
| 19:14 | Build | Farm |
| 19:15 | Create | Villager (Male) |
| 19:36 | Create | Villager (Male) |
| 19:41 | Create | Scout Cavalry |
| 19:41 | Create | Scout Cavalry |
| 19:49 | Build | Farm |
| 20:07 | Create | Villager (Male) |
| 20:07 | Create | Villager (Male) |
| 20:08 | Create | Villager (Male) |
| 20:49 | Create | Scout Cavalry |
| 20:51 | Build | Farm |
| 21:12 | Create | Villager (Male) |
| 21:26 | Create | Villager (Male) |
| 21:31 | Create | Scout Cavalry |
| 21:31 | Create | Scout Cavalry |
| 21:44 | Create | Villager (Male) |
| 21:44 | Create | Villager (Male) |
| 22:02 | Create | Villager (Male) |
| 22:12 | Create | Villager (Male) |
Build order — DSLG | Shiper
First 150 of 180 actions detected
| 0:02 | Build | House |
| 0:02 | Create | Villager (Male) |
| 0:02 | Create | Villager (Male) |
| 0:03 | Build | House |
| 0:03 | Create | Villager (Male) |
| 0:04 | Create | Villager (Male) |
| 0:04 | Create | Villager (Male) |
| 1:29 | Create | Villager (Male) |
| 1:29 | Create | Villager (Male) |
| 1:41 | Create | Villager (Male) |
| 2:18 | Create | Villager (Male) |
| 2:44 | Create | Villager (Male) |
| 3:02 | Build | Lumber Camp |
| 3:09 | Create | Villager (Male) |
| 3:09 | Create | Villager (Male) |
| 3:09 | Create | Villager (Male) |
| 3:29 | Create | Villager (Male) |
| 3:40 | Build | House |
| 3:45 | Create | Villager (Male) |
| 4:06 | Create | Villager (Male) |
| 4:17 | Research | Loom |
| 4:55 | Create | Villager (Male) |
| 5:12 | Build | House |
| 5:17 | Create | Villager (Male) |
| 5:17 | Create | Villager (Male) |
| 6:05 | Create | Villager (Male) |
| 6:20 | Build | Mill |
| 6:44 | Create | Villager (Male) |
| 6:49 | Research | Loom |
| 7:14 | Create | Villager (Male) |
| 7:18 | Build | House |
| 7:23 | Research | Feudal Age |
| 8:01 | Build | Palisade Wall |
| 8:29 | Create | Villager (Male) |
| 9:02 | Create | Villager (Male) |
| 9:22 | Build | Barracks |
| 9:33 | Age | Feudal Age |
| 10:01 | Create | Villager (Male) |
| 10:02 | Create | Villager (Male) |
| 10:46 | Build | Stable |
| 10:52 | Build | Palisade Wall |
| 10:54 | Create | Villager (Male) |
| 11:06 | Build | Palisade Wall |
| 11:25 | Create | Spearman |
| 11:25 | Create | Spearman |
| 11:30 | Create | Scout Cavalry ×5 |
| 11:33 | Build | Palisade Wall |
| 11:35 | Build | Palisade Wall |
| 11:38 | Create | Villager (Male) |
| 11:38 | Create | Villager (Male) |
| 11:42 | Build | House |
| 11:54 | Build | Palisade Wall |
| 11:56 | Create | Villager (Male) |
| 12:10 | Build | Farm |
| 12:11 | Build | Farm |
| 12:20 | Build | House |
| 12:34 | Build | House |
| 12:48 | Build | Blacksmith |
| 12:49 | Create | Villager (Male) |
| 12:50 | Create | Villager (Male) |
| 13:06 | Create | Villager (Male) |
| 13:09 | Build | Palisade Wall |
| 13:19 | Create | Villager (Male) |
| 13:28 | Build | Lumber Camp |
| 13:31 | Build | Farm |
| 13:51 | Build | Farm |
| 14:01 | Create | Scout Cavalry |
| 14:03 | Create | Villager (Male) |
| 14:10 | Build | Farm |
| 14:11 | Build | Farm |
| 14:18 | Build | Farm |
| 14:39 | Build | Farm |
| 14:44 | Build | Farm |
| 14:45 | Build | Farm |
| 14:46 | Create | Villager (Male) |
| 15:03 | Build | House |
| 15:12 | Build | Palisade Wall |
| 15:18 | Build | Stable |
| 15:21 | Create | Villager (Male) |
| 15:26 | Build | Farm |
| 15:27 | Build | Farm |
| 15:37 | Build | Farm |
| 15:40 | Create | Villager (Male) |
| 15:51 | Build | Farm |
| 16:07 | Build | Farm |
| 16:17 | Build | Palisade Wall |
| 16:20 | Build | Palisade Wall |
| 16:37 | Create | Villager (Male) |
| 16:39 | Build | Lumber Camp |
| 16:53 | Build | Palisade Wall |
| 16:55 | Build | Mining Camp |
| 17:05 | Create | Villager (Male) |
| 17:05 | Create | Villager (Male) |
| 17:07 | Research | Wheelbarrow |
| 17:29 | Build | Watch Tower |
| 17:47 | Create | Villager (Male) |
| 17:47 | Create | Villager (Male) |
| 18:16 | Build | Palisade Wall |
| 18:24 | Create | Scout Cavalry |
| 18:24 | Create | Scout Cavalry |
| 18:48 | Create | Villager (Male) |
| 19:14 | Build | House |
| 19:18 | Create | Villager (Male) |
| 19:36 | Create | Villager (Male) |
| 20:06 | Build | Farm |
| 20:19 | Research | Double-Bit Axe |
| 20:25 | Build | Market |
| 20:28 | Build | Farm |
| 20:32 | Build | Farm |
| 20:34 | Build | Farm |
| 20:36 | Build | Farm |
| 20:37 | Build | Farm |
| 20:58 | Create | Villager (Male) |
| 20:59 | Create | Villager (Male) |
| 20:59 | Create | Villager (Male) |
| 20:59 | Create | Villager (Male) |
| 21:15 | Create | Scout Cavalry ×3 |
| 21:31 | Build | Palisade Gate |
| 21:38 | Create | Scout Cavalry |
| 21:48 | Create | Villager (Male) |
| 21:55 | Build | Farm |
| 22:25 | Build | Farm |
| 22:27 | Create | Villager (Male) |
| 22:30 | Research | Horse Collar |
| 22:36 | Research | Forging |
| 22:36 | Research | Scale Barding Armor |
| 22:44 | Build | Farm |
| 23:16 | Build | Farm |
| 23:20 | Create | Villager (Male) |
| 23:20 | Create | Villager (Male) |
| 23:50 | Create | Villager (Male) |
| 24:06 | Research | Castle Age |
| 24:14 | Research | Forging |
| 24:14 | Research | Scale Barding Armor |
| 24:27 | Create | Villager (Male) |
| 24:31 | Build | Farm |
| 24:32 | Build | Farm |
| 25:00 | Build | Lumber Camp |
| 25:05 | Research | Gold Mining |
| 25:06 | Research | Scale Barding Armor |
| 25:40 | Build | Palisade Wall |
| 25:42 | Research | Bloodlines |
| 26:46 | Age | Castle Age |
| 26:47 | Create | Camel Scout ×5 |
| 26:47 | Create | Camel Scout ×5 |
| 26:56 | Create | Villager (Male) |
| 26:56 | Create | Villager (Male) |
| 27:16 | Build | Town Center |
| 27:23 | Research | Husbandry |
| 27:24 | Create | Camel Scout |
Match timeline
| 6:58 | DSLG | Rommel · first_building Barracks |
| 7:09 | EXILE | PulDokken · first_building Barracks |
| 7:55 | DSLG | Maxteel97 · first_building Barracks |
| 8:01 | DSLG | Shiper · wall_segment Palisade Wall x5 |
| 8:01 | EXILE | Geiselgg · first_building Barracks |
| 8:17 | EXILE | Apexpredator · first_building Barracks |
| 8:28 | EXILE | Mancoazteca · first_building Barracks |
| 8:35 | DSLG | Z · age_up feudal |
| 8:40 | DSLG | Z · first_building Stable |
| 8:43 | EXILE | PulDokken · age_up feudal |
| 8:47 | EXILE | PulDokken · first_building Stable |
| 9:02 | DSLG | Maxteel97 · age_up feudal |
| 9:04 | DSLG | Maxteel97 · first_building Archery Range |
| 9:22 | DSLG | Shiper · first_building Barracks |
| 9:31 | EXILE | Apexpredator · age_up feudal |
| 9:32 | EXILE | Mancoazteca · age_up feudal |
| 9:33 | EXILE | Apexpredator · first_building Archery Range |
| 9:33 | EXILE | Mancoazteca · first_building Archery Range |
| 9:33 | DSLG | Shiper · age_up feudal |
| 9:34 | EXILE | Geiselgg · age_up feudal |
| 9:38 | EXILE | Geiselgg · first_building Stable |
| 9:38 | EXILE | PulDokken · wall_segment Palisade Wall x13 |
| 9:45 | DSLG | Z · wall_segment Palisade Wall x23 |
| 10:17 | DSLG | Rommel · age_up feudal |
| 10:22 | DSLG | Maxteel97 · wall_segment Palisade Wall x4 |
| 10:26 | DSLG | Rommel · first_building Archery Range |
| 10:28 | DSLG | Z · wall_segment Palisade Wall x1 |
| 10:36 | DSLG | Z · wall_segment Palisade Wall x7 |
| 10:43 | EXILE | Geiselgg · wall_segment Palisade Wall x1 |
| 10:46 | DSLG | Shiper · first_building Stable |
| 10:52 | DSLG | Shiper · wall_segment Palisade Wall x10 |
| 11:06 | DSLG | Shiper · wall_segment Palisade Wall x8 |
| 11:09 | DSLG | Maxteel97 · wall_segment Palisade Wall x17 |
| 11:25 | DSLG | Maxteel97 · wall_segment Palisade Wall x11 |
| 11:33 | DSLG | Shiper · wall_segment Palisade Wall x5 |
| 11:35 | DSLG | Shiper · wall_segment Palisade Wall x1 |
| 11:54 | DSLG | Shiper · wall_segment Palisade Wall x1 |
| 11:59 | DSLG | Z · wall_segment Palisade Wall x11 |
| 12:21 | DSLG | Maxteel97 · wall_segment Palisade Wall x6 |
| 12:55 | EXILE | Geiselgg · wall_segment Palisade Wall x8 |
| 13:09 | DSLG | Shiper · wall_segment Palisade Wall x3 |
| 14:12 | DSLG | Z · wall_segment Palisade Wall x11 |
| 14:21 | DSLG | Maxteel97 · wall_segment Palisade Wall x8 |
| 14:29 | EXILE | Geiselgg · wall_segment Palisade Wall x4 |
| 14:43 | DSLG | Rommel · wall_segment Palisade Wall x1 |
| 15:12 | DSLG | Shiper · wall_segment Palisade Wall x6 |
| 15:13 | EXILE | Geiselgg · wall_segment Palisade Wall x5 |
| 15:24 | EXILE | Geiselgg · wall_segment Palisade Wall x2 |
| 16:17 | DSLG | Shiper · wall_segment Palisade Wall x6 |
| 16:20 | DSLG | Shiper · wall_segment Palisade Wall x7 |
| 16:29 | DSLG | Maxteel97 · wall_segment Palisade Wall x10 |
| 16:49 | DSLG | Z · wall_segment Palisade Wall x22 |
| 16:53 | DSLG | Shiper · wall_segment Palisade Wall x4 |
| 17:07 | DSLG | Maxteel97 · wall_segment Palisade Wall x1 |
| 17:14 | DSLG | Z · wall_segment Palisade Wall x3 |
| 17:50 | EXILE | Geiselgg · wall_segment Palisade Wall x4 |
| 18:14 | EXILE | Geiselgg · wall_segment Palisade Wall x1 |
| 18:16 | DSLG | Shiper · wall_segment Palisade Wall x6 |
| 18:16 | DSLG | Maxteel97 · wall_segment Palisade Wall x4 |
| 18:28 | DSLG | Maxteel97 · wall_segment Palisade Wall x2 |
| 18:36 | EXILE | Geiselgg · wall_segment Palisade Wall x6 |
| 18:57 | DSLG | Z · wall_segment Palisade Wall x11 |
| 19:01 | EXILE | Apexpredator · wall_segment Palisade Wall x4 |
| 19:11 | DSLG | Rommel · first_market_buy 100 food |
| 19:20 | EXILE | Mancoazteca · wall_segment Palisade Wall x1 |
| 20:04 | EXILE | Mancoazteca · first_market_sell 100 stone |
| 20:06 | EXILE | Mancoazteca · first_market_buy 100 food |
| 20:07 | EXILE | PulDokken · first_market_buy 100 food |
| 21:11 | DSLG | Shiper · first_market_buy 500 food |
| 21:48 | EXILE | Mancoazteca · wall_segment Palisade Wall x10 |
| 21:58 | EXILE | Mancoazteca · wall_segment Palisade Wall x8 |
| 22:07 | EXILE | Mancoazteca · wall_segment Palisade Wall x5 |
| 22:10 | EXILE | Mancoazteca · wall_segment Palisade Wall x16 |
| 22:20 | EXILE | Geiselgg · age_up castle |
| 23:08 | EXILE | PulDokken · age_up castle |
| 23:26 | EXILE | Geiselgg · wall_segment Palisade Wall x6 |
| 23:44 | DSLG | Rommel · first_market_sell 100 wood |
| 24:00 | DSLG | Shiper · first_market_sell 100 wood |
| 24:04 | EXILE | Mancoazteca · age_up castle |
| 24:28 | DSLG | Maxteel97 · age_up castle |
| 24:28 | DSLG | Z · wall_segment Palisade Wall x1 |
| 24:31 | EXILE | Apexpredator · age_up castle |
| 25:40 | DSLG | Shiper · wall_segment Palisade Wall x1 |
| 26:14 | EXILE | PulDokken · first_market_sell 100 food |
| 26:17 | DSLG | Maxteel97 · first_building Siege Workshop |
| 26:46 | DSLG | Shiper · age_up castle |
| 26:47 | EXILE | Geiselgg · wall_segment Palisade Wall x11 |
| 28:08 | DSLG | Maxteel97 · wall_segment Palisade Wall x1 |
| 28:13 | EXILE | Apexpredator · first_building Monastery |
| 28:35 | DSLG | Rommel · age_up castle |
| 28:39 | DSLG | Rommel · first_building Siege Workshop |
| 29:04 | DSLG | Maxteel97 · first_market_sell 100 food |
| 29:11 | EXILE | Geiselgg · first_building Monastery |
| 31:05 | DSLG | Shiper · resign |
[ AI ANALYSIS · 1 CREDIT ]
What really happened in this match?
Wolo.gg analyzes every decision: build order, eco, micro, common mistakes by bracket. Personalized analysis on WhatsApp or Discord in 30 seconds.
Civ guide
Magyars
Perfil
Jugador #242516